 Dungeon Crawl Stone Soup version 0.28.0 (webtiles) character file.

Game seed: 12464001252270258318

40614 joshe the Destroyer (level 13, -19/96 HPs)
             Began as a Demigod Conjurer on Feb 6, 2022.
             Demolished by an entropy weaver simulacrum (29 damage)
             ... in an ice cave.
             The game lasted 02:14:21 (20701 turns).

joshe the Destroyer (Demigod Conjurer)             Turns: 20701, Time: 02:14:22

Health: -19/96     AC:  5    Str:  8    XL:     13   Next: 40%
Magic:  1/40       EV: 17    Int: 36    God:
Gold:   1160       SH:  5    Dex: 16    Spells: 16/32 levels left

rFire   . . .      SeeInvis .   l - +2 dagger of Reason {venom, rN+}
rCold   . . .      Faith    .   A - +0 buckler
rNeg    + . .      Spirit   .   u - +1 robe of Haipen {Dex+4}
rPois   .          Reflect  .   i - +1 hat
rElec   .          Harm     .   W - scarf {+Inv}
rCorr   .          Rampage  .   f - +0 pair of gloves
Will    +....                   (no boots)
Stlth   ++........              e - amulet of regeneration
HPRegen 1.06/turn               c - ring of magical power
MPRegen 0.27/turn               v - +4 ring of evasion

@: no status effects
A: high MP 1, forlorn, divine attributes
a: Evoke Invisibility


You were in an ice cave.
You visited 3 branches of the dungeon, and saw 14 of its levels.
You also visited: Sewer, Ossuary and Ice Cave.

You collected 1748 gold pieces.
You spent 588 gold pieces at shops.

Inventory:

Hand Weapons
 l - the +2 dagger of Reason (weapon) {venom, rN+}
   (You found it on level 3 of the Dungeon)

   It poisons the flesh of those it strikes.
   rN:        It protects you from negative energy.
 m - the +1 dagger "Vabigehimn" {vorpal, rElec Will+ Str+2 Int-5}
   (You found it on level 2 of the Dungeon)

   It inflicts extra damage upon your enemies.
   Str:       It affects your strength (+2).
   Int:       It affects your intelligence (-5).
   rElec:     It insulates you from electricity.
   Will:      It increases your willpower.
 L - a +3 falchion of freezing
 N - a +4 dagger
 T - a +0 vampiric falchion
Missiles
 p - 6 atropa-tipped darts
 S - 2 curare-tipped darts
Armour
 f - a +0 pair of gloves (worn)
 i - a +1 hat (worn)
 u - the +1 robe of Haipen (worn) {Dex+4}
   (You bought it in a shop on level 3 of the Dungeon)

   Dex:       It affects your dexterity (+4).
 A - a +0 buckler (worn)
 H - a +2 leather armour of poison resistance
 Q - a +2 leather armour of willpower
 W - a scarf of invisibility (worn)
Magical Staves
 G - a staff of cold
 U - a staff of earth
Jewellery
 c - a ring of magical power (left hand)
 e - an amulet of regeneration (around neck)
 j - a +6 ring of dexterity
 v - a +4 ring of evasion (right hand)
 M - a ring of resist corrosion
Wands
 E - a wand of acid (6)
 I - a wand of iceblast (3)
Scrolls
 g - 2 scrolls of enchant armour {unknown}
 h - 5 scrolls of fog
 n - 2 scrolls of vulnerability {unknown}
 o - a scroll of magic mapping {unknown}
 r - 3 scrolls of teleportation
 y - a scroll of enchant weapon {unknown}
 B - 2 scrolls of summoning {unknown}
 D - a scroll of immolation {unknown}
 F - 2 scrolls of fear {unknown}
 K - a scroll of noise {unknown}
 O - a scroll of holy word {unknown}
 P - a scroll of torment {unknown}
Potions
 b - a potion of cancellation
 d - a potion of might
 k - a potion of mutation
 q - 9 potions of ambrosia
 s - a potion of degeneration {unknown}
 t - 2 potions of berserk rage {unknown}
 w - 2 potions of haste
 x - 5 potions of lignification
 z - 9 potions of curing
 C - a potion of heal wounds
 J - a potion of invisibility {unknown}
 R - a potion of magic {unknown}
 V - a potion of flight {unknown}


   Skills:
 - Level 4.0 Fighting
 - Level 4.0 Dodging
 - Level 2.0 Stealth
 - Level 4.0 Shields
 - Level 10.0 Spellcasting
 + Level 14.5 Conjurations
 - Level 11.0 Hexes
 - Level 4.0 Translocations


You had 16 spell levels left.
You knew the following spells:

 Your Spells              Type           Power      Damage    Failure   Level
a - Magic Dart            Conj           100%       1d8       0%          1
b - Searing Ray           Conj           100%       2d8       0%          2
c - Fulminant Prism       Conj/Hex       41%        3d20      1%          4
d - Iskenderun's Mystic   Conj/Tloc      71%        2d14      1%          4
e - Iskenderun's Battles  Conj           89%        2d14      1%          5

Your spell library contained the following spells:

 Spells                   Type           Power      Damage    Failure   Level
 Shock                    Conj/Air       100%       1d9       1%          1
 Dazzling Flash           Conj/Hex       100%       N/A       1%          3
 Frozen Ramparts          Ice            36%        1d5       9%          3
 Ozocubu's Armour         Ice            18%        N/A       9%          3
 Swiftness                Air            18%        N/A       9%          3
 Iron Shot                Conj/Erth      31%        9d6       22%         6
 Airstrike                Air            9%         N/A       28%         4
 Animate Dead             Necr           9%         N/A       28%         4
 Ice Form                 Ice/Tmut       18%        N/A       28%         4
 Summon Ice Beast         Ice/Summ       18%        N/A       28%         4
 Borgnjor's Vile Clutch   Necr/Erth      9%         N/A       63%         5
 Dispersal                Tloc           23%        N/A       65%         6
 Spellforged Servitor     Conj/Summ      31%        N/A       77%         7
 Death Channel            Necr           9%         N/A       99%         6
 Ozocubu's Refrigeration  Ice            9%         4d6       100%        7
 Disjunction              Tloc           23%        N/A       100%        8


Dungeon Overview and Level Annotations

Branches:
Dungeon (11/15)            Temple (0/1) D:4            Lair (1/6) D:9
    Orc (2/2) D:10            Elf (0/3) Orc:2         Sewer (visited)
Ossuary (visited)           IceCv (1/1)

Shops:
D:3 [   Orc:2 [[*(

Annotations:
Orc:2 2 runed translucent doors, Arex's ghost, journeyman VSFi


Innate Abilities, Weirdness & Mutations

You have an increased reservoir of magic. (+10% MP)
You shall have no god before yourself.
Your divine heritage dramatically boosts your attributes as you level up.


Message History

Aiming: Searing Ray (safe; 0% risk of failure)
Press: ? - help, Shift-Dir - straight line, f/p - entropy weaver simulacrum
Aim: an entropy weaver simulacrum (moderately damaged, 87% to hit)
The searing ray hits the entropy weaver simulacrum.
The entropy weaver simulacrum is moderately damaged. (Press . to maintain the ray.)
The searing ray hits the entropy weaver simulacrum!
The entropy weaver simulacrum is heavily damaged.
The searing ray hits the entropy weaver simulacrum.
The entropy weaver simulacrum is severely damaged.
The searing ray hits the entropy weaver simulacrum!
The entropy weaver simulacrum is almost destroyed.
You finish channelling your searing ray.
You block the entropy weaver simulacrum's attack.
The entropy weaver simulacrum barely misses you. x3
You hit the entropy weaver simulacrum but do no damage.
The entropy weaver simulacrum is almost destroyed.
The entropy weaver simulacrum barely misses you.
The entropy weaver simulacrum hits you.
The entropy weaver simulacrum freezes you!!
The entropy weaver simulacrum closely misses you.
The entropy weaver simulacrum hits you but does no damage.
Casting: Searing Ray (safe; 0% risk of failure)
Confirm with . or Enter, or press ? or * to list all spells.
Aiming: Searing Ray (safe; 0% risk of failure)
Press: ? - help, Shift-Dir - straight line, f/p - entropy weaver simulacrum
Aim: an entropy weaver simulacrum (almost destroyed, 87% to hit)
The searing ray hits the entropy weaver simulacrum.
The entropy weaver simulacrum is almost destroyed. (Press . to maintain the ray.)
The entropy weaver simulacrum hits you.
The entropy weaver simulacrum freezes you!!
You block the entropy weaver simulacrum's attack.
The entropy weaver simulacrum hits you.
The entropy weaver simulacrum freezes you!
* * * LOW HITPOINT WARNING * * *
The entropy weaver simulacrum hits you!
* * * LOW HITPOINT WARNING * * *
The entropy weaver simulacrum freezes you!!
You die...

##### ##.∩.##
#..∩..# ##...##
##.## ##.##
####...####
####....Z@...####
#.....#####.....###
#.....### ####....#
....### ###...# ..#
##.....# Y #.....#
##.... .... ...


You could see an entropy weaver simulacrum.

Vanquished Creatures
  Jorgrun (Orc:1)
  3 hydras
  Harold (D:9)
  2 boulder beetles (D:11)
  2 ogre magi (Orc:2)
  A death yak (D:11)
  11 two-headed ogres
  2 deep trolls (Orc:2)
  Pikel (D:4)
  An orc knight (Orc:1)
  3 ugly things (D:9)
  2 cyclopes (Orc:2)
  Joseph (D:8)
  A rime drake (Lair:1)
  A cane toad (Lair:1)
  4 kobold demonologists
  2 komodo dragons (Lair:1)
  3 yaktaurs (D:10)
  A queen bee (Orc:1)
  8 trolls (Orc:2)
  A polar bear (Lair:1)
  An entropy weaver simulacrum (IceCv)
  A merfolk (D:10)
  10 slime creatures (IceCv)
  A hornet (D:9)
  4 blink frogs (Lair:1)
  2 wraiths
  3 wyverns
  A shadow (D:9)
  19 yaks
  2 steam dragons
  4 vampire mosquitoes
  3 wargs
  An acid dragon (D:10)
  3 water moccasins
  15 orc warriors
  An ugly thing simulacrum (IceCv)
  A hornet zombie (D:7)
  2 black bears
  4 wolves (Lair:1)
  21 ogres
  6 centaurs
  2 lemures (D:4)
  2 phantoms
  3 bullfrogs
  14 kobold brigands
  A gnoll sergeant (D:10)
  A glowing shapeshifter simulacrum (IceCv)
  A water moccasin skeleton (D:6)
  An elephant simulacrum (Lair:1)
  15 wights
  24 killer bees
  An electric eel (D:9)
  3 centaur zombies
  4 hounds
  A human zombie (Ossuary)
  3 jellies
  15 orc priests
  2 bullfrog skeletons
  3 centaur skeletons
  2 gnoll shamans (D:7)
  A scorpion zombie (D:3)
  3 iguanas
  19 orc wizards
  3 killer bee zombies
  A wolf simulacrum (Lair:1)
  2 mummies (Ossuary)
  3 howler monkey zombies (D:9)
  21 gnolls
  9 adders
  A howler monkey skeleton (D:5)
  5 river rats (Sewer)
  A white imp (D:6)
  3 adder zombies (Ossuary)
  3 worms
  A dart slug (D:1)
  60 orcs
  10 endoplasms
  7 giant cockroaches
  9 goblins
  11 hobgoblins
  5 jackals
  3 quokkas
  13 ball pythons
  7 bats
  4 frilled lizards
  9 hobgoblin zombies (Ossuary)
  2 jackal zombies (Ossuary)
  37 kobolds
  15 kobold zombies (Ossuary)
  4 orc zombies (Ossuary)
  10 rats
  2 rat zombies (Ossuary)
  A butterfly (Lair:1)
540 creatures vanquished.

Vanquished Creatures (others)
  An orc wizard (D:7)
  203 fulminant prisms
  3 fungi (D:3)
  31 plants
  4 toadstools (Lair:1)
242 creatures vanquished.

Grand Total: 782 creatures vanquished

Notes
Turn   | Place    | Note
-------+----------+-------------------------------------------
     0 | D:1      | joshe the Demigod Conjurer began the quest for the Orb.
     0 | D:1      | Reached XP level 1. HP: 14/14 MP: 5/5
   413 | D:1      | Reached skill level 4 in Conjurations
   413 | D:1      | Reached XP level 2. HP: 20/20 MP: 4/7
   416 | D:1      | Learned a level 2 spell: Searing Ray
  1059 | D:1      | Reached XP level 3. HP: 26/26 MP: 8/8
  1846 | D:2      | Reached skill level 5 in Conjurations
  2232 | D:2      | Reached XP level 4. HP: 33/33 MP: 9/9
  2237 | D:2      | Learned a level 4 spell: Fulminant Prism
  2437 | D:2      | Identified the +1 dagger "Vabigehimn" {vorpal, rElec Will+
                  | Str+2 Int-5}
  2675 | D:3      | Found Qauryr's Antique Armour Shop.
  2680 | D:3      | Identified the +2 dagger of Reason {venom, rN+}
  3345 | D:3      | Reached skill level 6 in Conjurations
  3345 | D:3      | Reached XP level 5. HP: 30/38 MP: 10/10
  4165 | D:4      | Found a staircase to the Ecumenical Temple.
  4431 | D:4      | Noticed Pikel
  4636 | D:4      | Reached XP level 6. HP: 45/45 MP: 11/11
  4848 | D:3      | Bought a tattered robe for 142 gold pieces
  4848 | D:3      | Identified the +1 robe of Haipen {Dex+4} (You bought it in
                  | a shop on level 3 of the Dungeon)
  5213 | D:4      | Reached skill level 7 in Conjurations
  5248 | D:4      | Killed Pikel
  5249 | D:4      | Reached XP level 7. HP: 45/50 MP: 13/14
  5254 | D:4      | Learned a level 4 spell: Iskenderun's Mystic Blast
  5329 | D:5      | Entered Level 5 of the Dungeon
  5424 | D:5      | Reached skill level 8 in Conjurations
  5603 | D:5      | Reached XP level 8. HP: 45/57 MP: 15/15
  5684 | D:5      | Reached skill level 9 in Conjurations
  5820 | D:5      | Found a glowing drain.
  5825 | Sewer    | Entered a sewer
  6095 | Sewer    | Reached skill level 1 in Translocations
  7579 | D:6      | Reached skill level 5 in Hexes
  8199 | D:7      | Reached XP level 9. HP: 62/62 MP: 14/19
  8353 | D:7      | Reached skill level 5 in Spellcasting
  8744 | D:7      | Found a sand-covered staircase.
  8749 | Ossuary  | Entered an ossuary
 10393 | D:8      | Noticed Joseph
 10411 | D:8      | Killed Joseph
 11382 | D:9      | Reached skill level 1 in Shields
 11416 | D:9      | Reached XP level 10. HP: 69/69 MP: 19/24
 11526 | D:9      | Noticed a red ugly thing
 11546 | D:9      | Killed a red ugly thing
 11864 | D:9      | Noticed Harold
 11875 | D:9      | Killed Harold
 12068 | D:9      | Noticed a five-headed hydra
 12075 | D:9      | Reached skill level 10 in Conjurations
 12082 | D:9      | Killed a five-headed hydra
 12395 | D:9      | Noticed a green ugly thing
 12406 | D:9      | Killed a green ugly thing
 12522 | D:9      | Learned a level 5 spell: Iskenderun's Battlesphere
 12588 | D:9      | Noticed a two-headed ogre
 12592 | D:9      | Noticed a red ugly thing
 12595 | D:9      | Killed a two-headed ogre
 12600 | D:9      | Killed a red ugly thing
 12601 | D:9      | Reached XP level 11. HP: 84/84 MP: 13/25
 13078 | D:9      | Found a staircase to the Lair.
 13357 | D:10     | Entered Level 10 of the Dungeon
 13832 | D:10     | Noticed a soul eater
 13833 | D:10     | Noticed a sun demon
 14397 | D:10     | Found a staircase to the Orcish Mines.
 15367 | D:11     | Noticed a boulder beetle
 15379 | D:11     | Killed a boulder beetle
 15542 | D:11     | Noticed a two-headed ogre
 15546 | D:11     | Killed a two-headed ogre
 15547 | D:11     | Reached skill level 10 in Hexes
 15670 | D:11     | Noticed a two-headed ogre
 15675 | D:11     | Killed a two-headed ogre
 16025 | D:11     | Noticed a boulder beetle
 16042 | D:11     | Killed a boulder beetle
 16267 | D:11     | Noticed a death yak
 16400 | D:11     | Reached skill level 11 in Conjurations
 16581 | D:11     | Killed a death yak
 16728 | D:11     | Reached XP level 12. HP: 81/91 MP: 15/28
 17198 | Orc:1    | Entered Level 1 of the Orcish Mines
 17427 | Orc:1    | Reached skill level 12 in Conjurations
 18120 | Orc:2    | Entered Level 2 of the Orcish Mines
 18415 | Orc:1    | Noticed Jorgrun
 18417 | Orc:1    | Killed Jorgrun
 18560 | Orc:2    | Noticed an ogre mage
 18567 | Orc:2    | Reached skill level 10 in Spellcasting
 18570 | Orc:2    | Killed an ogre mage
 18788 | Orc:2    | Noticed an ogre mage
 19011 | Orc:2    | Reached XP level 13. HP: 96/96 MP: 11/31
 19201 | Orc:2    | Reached skill level 13 in Conjurations
 19464 | Orc:2    | Found Vudidd's Antique Weapon Shop.
 19480 | Orc:2    | Found Ulapus's Assorted Antiques.
 19485 | Orc:2    | Found Umijebed's Antique Armour Boutique.
 19486 | Orc:2    | Found Ukil's Antique Armour Boutique.
 19488 | Orc:2    | Bought a scroll labelled ELASAN VAKHO for 27 gold pieces
 19488 | Orc:2    | Bought a metallic yellow potion for 24 gold pieces
 19494 | Orc:2    | Bought an embroidered scarf for 240 gold pieces
 19510 | Orc:2    | Bought a runed leather armour for 155 gold pieces
 19518 | Orc:2    | Found a staircase to the Elven Halls.
 19562 | Orc:2    | Found a large runed translucent door.
 19564 | Orc:2    | Found a large runed translucent door.
 19565 | Orc:2    | Noticed Arex's ghost (journeyman VSFi)
 19956 | Lair:1   | Entered Level 1 of the Lair of Beasts
 20178 | Lair:1   | Reached skill level 14 in Conjurations
 20236 | Lair:1   | Found a frozen archway.
 20253 | IceCv    | Entered an ice cave
 20701 | IceCv    | Demolished by an entropy weaver simulacrum

Illustrated notes

Levels and vault maps discovered:
D:1:      dpeg_arrival_court, layout_rooms, lexackson_kobold_supper
D:2:      layout_loops_ring, basic_altar, serial_rivers,
          chequers_serial_rivers_micro_e, chequers_serial_rivers_small_3,
          chequers_serial_rivers_small_a, chequers_serial_rivers_small_a,
          chequers_serial_rivers_small_a
D:3:      layout_loops_cross, serial_shops, shop_fountains,
          shapermc_ecumenical_altar_mp_urbaneastern, guppyfry_early_orc_mine
D:4:      layout_loops_ring, minmay_temple_entry_from_below_a, uniq_pikel
D:5:      layout_cave_pools, portal_sewer_entry_e
D:6:      layout_loops_cross
D:7:      layout_cave_pods, enter_ossuary_5, minmay_diced_spiral
D:8:      layout_basic, evilmike_ruin_ashenzari, uniq_joseph
D:9:      hangedman_cross_cluster, layout_loops_cross, kennysheep_flooded_box,
          uniq_harold
D:10:     layout_cave_pods, david_orc_4, hangedman_fish_farm
D:11:     argonaut_augean_stables, layout_irregular_city,
          nicolae_dithmenos_shadow_blocks
Lair:1:   gammafunk_lair_enchanted_lake, layout_concentric_octagons,
          portal_ice_cave_entry_ice_simulacra, ebering_ghost_xom,
          lemuel_fruit_fields
Orc:1:    layout_diamond_mine, basic_altar, special_room [special_room_bee],
          mines_bat_river, uniq_jorgrun
Orc:2:    st_orc_open, layout_caves, ebering_ghost_disaster_area,
          lemuel_statue_altar
IceCv:    ice_cave_hellmonk_azure_passage

Skill      XL: |  1  2  3  4  5  6  7  8  9 10 11 12 13 |
---------------+----------------------------------------+-----
Spellcasting   | 2 3 4 7 8 10 | 10.0
Conjurations   | 4 5 6 7 8 9 10 11 12 14 | 14.5
Hexes          | 3 5 7 10 11 | 11.0
Dodging        | 2 4 |  4.0
Stealth        | 2 |  2.0
Translocations | 3 4 |  4.0
Shields        | 2 4 |  4.0
Fighting       | 4 |  4.0

Action                   |  1- 3 |  4- 6 |  7- 9 | 10-12 | 13-15 || total
-------------------------+-------+-------+-------+-------+-------++-------
Melee: Spear             |     8 |       |       |       |       ||     8
       Dagger            |       |       |     6 |       |     5 ||    11
Throw: Dart              |       |       |       |     1 |       ||     1
 Cast: Magic Dart        |    84 |    88 |   104 |   161 |    53 ||   490
       Searing Ray       |     6 |    19 |    51 |    27 |    13 ||   116
       Fulminant Prism   |       |       |    55 |   129 |    19 ||   203
       Iskenderun's Myst |       |       |    27 |    28 |     9 ||    64
       Iskenderun's Batt |       |       |       |    57 |    16 ||    73
  Use: Scroll            |       |     1 |     6 |     5 |     2 ||    14
       Potion            |       |       |       |       |     2 ||     2
Armor: Robe              |     2 |     2 |    14 |     1 |     6 ||    25
Dodge: Dodged            |    10 |     5 |    55 |    15 |    26 ||   111
Block: Buckler           |       |       |       |     5 |     6 ||    11
